%YAML 1.1
%TAG !u! tag:unity3d.com,2011:
--- !u!1 &1394007759717765568
GameObject:
  m_ObjectHideFlags: 0
  m_CorrespondingSourceObject: {fileID: 0}
  m_PrefabInstance: {fileID: 0}
  m_PrefabAsset: {fileID: 0}
  serializedVersion: 6
  m_Component:
  - component: {fileID: 1394007759717765571}
  m_Layer: 0
  m_Name: TCluster3
  m_TagString: Untagged
  m_Icon: {fileID: 0}
  m_NavMeshLayer: 0
  m_StaticEditorFlags: 0
  m_IsActive: 1
--- !u!4 &1394007759717765571
Transform:
  m_ObjectHideFlags: 0
  m_CorrespondingSourceObject: {fileID: 0}
  m_PrefabInstance: {fileID: 0}
  m_PrefabAsset: {fileID: 0}
  m_GameObject: {fileID: 1394007759717765568}
  m_LocalRotation: {x: 0, y: 0, z: 0, w: 1}
  m_LocalPosition: {x: 0, y: 0, z: 0}
  m_LocalScale: {x: 1, y: 1, z: 1}
  m_Children:
  - {fileID: 8589277050315815557}
  m_Father: {fileID: 0}
  m_RootOrder: 0
  m_LocalEulerAnglesHint: {x: 0, y: 0, z: 0}
--- !u!1 &5180643637300150275
GameObject:
  m_ObjectHideFlags: 0
  m_CorrespondingSourceObject: {fileID: 0}
  m_PrefabInstance: {fileID: 0}
  m_PrefabAsset: {fileID: 0}
  serializedVersion: 6
  m_Component:
  - component: {fileID: 8589277050315815557}
  - component: {fileID: 5245201584898464719}
  m_Layer: 0
  m_Name: Poravnavanje
  m_TagString: Untagged
  m_Icon: {fileID: 0}
  m_NavMeshLayer: 0
  m_StaticEditorFlags: 0
  m_IsActive: 1
--- !u!4 &8589277050315815557
Transform:
  m_ObjectHideFlags: 0
  m_CorrespondingSourceObject: {fileID: 0}
  m_PrefabInstance: {fileID: 0}
  m_PrefabAsset: {fileID: 0}
  m_GameObject: {fileID: 5180643637300150275}
  m_LocalRotation: {x: -0, y: -0, z: -0, w: 1}
  m_LocalPosition: {x: 0, y: 0, z: 0}
  m_LocalScale: {x: 1, y: 1, z: 1}
  m_Children:
  - {fileID: 4795564939938747416}
  - {fileID: 5728517056747542046}
  - {fileID: 3217160835771239704}
  - {fileID: 4622640628301606462}
  m_Father: {fileID: 1394007759717765571}
  m_RootOrder: 0
  m_LocalEulerAnglesHint: {x: 0, y: 0, z: 0}
--- !u!156049354 &5245201584898464719
Grid:
  m_ObjectHideFlags: 0
  m_CorrespondingSourceObject: {fileID: 0}
  m_PrefabInstance: {fileID: 0}
  m_PrefabAsset: {fileID: 0}
  m_GameObject: {fileID: 5180643637300150275}
  m_Enabled: 1
  m_CellSize: {x: 0.01, y: 0.01, z: 0.01}
  m_CellGap: {x: 0, y: 0, z: 0}
  m_CellLayout: 0
  m_CellSwizzle: 0
--- !u!114 &3037563699294746778
MonoBehaviour:
  m_ObjectHideFlags: 0
  m_CorrespondingSourceObject: {fileID: 0}
  m_PrefabInstance: {fileID: 0}
  m_PrefabAsset: {fileID: 0}
  m_GameObject: {fileID: 6396323606020860858}
  m_Enabled: 1
  m_EditorHideFlags: 0
  m_Script: {fileID: 11500000, guid: 38d32a2f82ec1de47aedfc84b1a0367c, type: 3}
  m_Name: 
  m_EditorClassIdentifier: 
--- !u!1001 &1394007758144989424
PrefabInstance:
  m_ObjectHideFlags: 0
  serializedVersion: 2
  m_Modification:
    m_TransformParent: {fileID: 8589277050315815557}
    m_Modifications:
    - target: {fileID: 3502572772468310438, guid: 3df819e38fa8c854c9dbd8aa472bb9ef,
        type: 3}
      propertyPath: m_Name
      value: Room TL
      objectReference: {fileID: 0}
    - target: {fileID: 6640352325744131822, guid: 3df819e38fa8c854c9dbd8aa472bb9ef,
        type: 3}
      propertyPath: m_LocalPosition.x
      value: 4
      objectReference: {fileID: 0}
    - target: {fileID: 6640352325744131822, guid: 3df819e38fa8c854c9dbd8aa472bb9ef,
        type: 3}
      propertyPath: m_LocalPosition.y
      value: 0
      objectReference: {fileID: 0}
    - target: {fileID: 6640352325744131822, guid: 3df819e38fa8c854c9dbd8aa472bb9ef,
        type: 3}
      propertyPath: m_LocalPosition.z
      value: 0
      objectReference: {fileID: 0}
    - target: {fileID: 6640352325744131822, guid: 3df819e38fa8c854c9dbd8aa472bb9ef,
        type: 3}
      propertyPath: m_LocalRotation.x
      value: -0
      objectReference: {fileID: 0}
    - target: {fileID: 6640352325744131822, guid: 3df819e38fa8c854c9dbd8aa472bb9ef,
        type: 3}
      propertyPath: m_LocalRotation.y
      value: -0
      objectReference: {fileID: 0}
    - target: {fileID: 6640352325744131822, guid: 3df819e38fa8c854c9dbd8aa472bb9ef,
        type: 3}
      propertyPath: m_LocalRotation.z
      value: -0
      objectReference: {fileID: 0}
    - target: {fileID: 6640352325744131822, guid: 3df819e38fa8c854c9dbd8aa472bb9ef,
        type: 3}
      propertyPath: m_LocalRotation.w
      value: 1
      objectReference: {fileID: 0}
    - target: {fileID: 6640352325744131822, guid: 3df819e38fa8c854c9dbd8aa472bb9ef,
        type: 3}
      propertyPath: m_RootOrder
      value: 1
      objectReference: {fileID: 0}
    - target: {fileID: 6640352325744131822, guid: 3df819e38fa8c854c9dbd8aa472bb9ef,
        type: 3}
      propertyPath: m_LocalEulerAnglesHint.x
      value: 0
      objectReference: {fileID: 0}
    - target: {fileID: 6640352325744131822, guid: 3df819e38fa8c854c9dbd8aa472bb9ef,
        type: 3}
      propertyPath: m_LocalEulerAnglesHint.y
      value: 0
      objectReference: {fileID: 0}
    - target: {fileID: 6640352325744131822, guid: 3df819e38fa8c854c9dbd8aa472bb9ef,
        type: 3}
      propertyPath: m_LocalEulerAnglesHint.z
      value: 0
      objectReference: {fileID: 0}
    - target: {fileID: 3205185443289195798, guid: 3df819e38fa8c854c9dbd8aa472bb9ef,
        type: 3}
      propertyPath: reachable
      value: 0
      objectReference: {fileID: 0}
    - target: {fileID: 3205185443289195798, guid: 3df819e38fa8c854c9dbd8aa472bb9ef,
        type: 3}
      propertyPath: alwaysRegular
      value: 1
      objectReference: {fileID: 0}
    m_RemovedComponents: []
  m_SourcePrefab: {fileID: 100100000, guid: 3df819e38fa8c854c9dbd8aa472bb9ef, type: 3}
--- !u!4 &5728517056747542046 stripped
Transform:
  m_CorrespondingSourceObject: {fileID: 6640352325744131822, guid: 3df819e38fa8c854c9dbd8aa472bb9ef,
    type: 3}
  m_PrefabInstance: {fileID: 1394007758144989424}
  m_PrefabAsset: {fileID: 0}
--- !u!1001 &1394007759604484233
PrefabInstance:
  m_ObjectHideFlags: 0
  serializedVersion: 2
  m_Modification:
    m_TransformParent: {fileID: 8589277050315815557}
    m_Modifications:
    - target: {fileID: 5448454799316788019, guid: 806c34b854c8188459c6a08190d5bc54,
        type: 3}
      propertyPath: m_Name
      value: Room BR
      objectReference: {fileID: 0}
    - target: {fileID: 5896837318089694353, guid: 806c34b854c8188459c6a08190d5bc54,
        type: 3}
      propertyPath: m_LocalPosition.x
      value: 0
      objectReference: {fileID: 0}
    - target: {fileID: 5896837318089694353, guid: 806c34b854c8188459c6a08190d5bc54,
        type: 3}
      propertyPath: m_LocalPosition.y
      value: 0
      objectReference: {fileID: 0}
    - target: {fileID: 5896837318089694353, guid: 806c34b854c8188459c6a08190d5bc54,
        type: 3}
      propertyPath: m_LocalPosition.z
      value: 0
      objectReference: {fileID: 0}
    - target: {fileID: 5896837318089694353, guid: 806c34b854c8188459c6a08190d5bc54,
        type: 3}
      propertyPath: m_LocalRotation.x
      value: -0
      objectReference: {fileID: 0}
    - target: {fileID: 5896837318089694353, guid: 806c34b854c8188459c6a08190d5bc54,
        type: 3}
      propertyPath: m_LocalRotation.y
      value: -0
      objectReference: {fileID: 0}
    - target: {fileID: 5896837318089694353, guid: 806c34b854c8188459c6a08190d5bc54,
        type: 3}
      propertyPath: m_LocalRotation.z
      value: -0
      objectReference: {fileID: 0}
    - target: {fileID: 5896837318089694353, guid: 806c34b854c8188459c6a08190d5bc54,
        type: 3}
      propertyPath: m_LocalRotation.w
      value: 1
      objectReference: {fileID: 0}
    - target: {fileID: 5896837318089694353, guid: 806c34b854c8188459c6a08190d5bc54,
        type: 3}
      propertyPath: m_RootOrder
      value: 0
      objectReference: {fileID: 0}
    - target: {fileID: 5896837318089694353, guid: 806c34b854c8188459c6a08190d5bc54,
        type: 3}
      propertyPath: m_LocalEulerAnglesHint.x
      value: 0
      objectReference: {fileID: 0}
    - target: {fileID: 5896837318089694353, guid: 806c34b854c8188459c6a08190d5bc54,
        type: 3}
      propertyPath: m_LocalEulerAnglesHint.y
      value: 0
      objectReference: {fileID: 0}
    - target: {fileID: 5896837318089694353, guid: 806c34b854c8188459c6a08190d5bc54,
        type: 3}
      propertyPath: m_LocalEulerAnglesHint.z
      value: 0
      objectReference: {fileID: 0}
    - target: {fileID: 38334578466588141, guid: 806c34b854c8188459c6a08190d5bc54,
        type: 3}
      propertyPath: reachable
      value: 0
      objectReference: {fileID: 0}
    - target: {fileID: 38334578466588141, guid: 806c34b854c8188459c6a08190d5bc54,
        type: 3}
      propertyPath: alwaysRegular
      value: 1
      objectReference: {fileID: 0}
    - target: {fileID: 5483859659270862299, guid: 806c34b854c8188459c6a08190d5bc54,
        type: 3}
      propertyPath: reachable
      value: 0
      objectReference: {fileID: 0}
    - target: {fileID: 5483859659270862299, guid: 806c34b854c8188459c6a08190d5bc54,
        type: 3}
      propertyPath: alwaysRegular
      value: 1
      objectReference: {fileID: 0}
    m_RemovedComponents: []
  m_SourcePrefab: {fileID: 100100000, guid: 806c34b854c8188459c6a08190d5bc54, type: 3}
--- !u!1 &6396323606020860858 stripped
GameObject:
  m_CorrespondingSourceObject: {fileID: 5448454799316788019, guid: 806c34b854c8188459c6a08190d5bc54,
    type: 3}
  m_PrefabInstance: {fileID: 1394007759604484233}
  m_PrefabAsset: {fileID: 0}
--- !u!4 &4795564939938747416 stripped
Transform:
  m_CorrespondingSourceObject: {fileID: 5896837318089694353, guid: 806c34b854c8188459c6a08190d5bc54,
    type: 3}
  m_PrefabInstance: {fileID: 1394007759604484233}
  m_PrefabAsset: {fileID: 0}
--- !u!1001 &1394007759653394694
PrefabInstance:
  m_ObjectHideFlags: 0
  serializedVersion: 2
  m_Modification:
    m_TransformParent: {fileID: 8589277050315815557}
    m_Modifications:
    - target: {fileID: 4610881278210135069, guid: bf33cd97a5ea4d54a9d113e64ea346e5,
        type: 3}
      propertyPath: m_Name
      value: Room B
      objectReference: {fileID: 0}
    - target: {fileID: 4610881278210135070, guid: bf33cd97a5ea4d54a9d113e64ea346e5,
        type: 3}
      propertyPath: m_LocalPosition.x
      value: 4
      objectReference: {fileID: 0}
    - target: {fileID: 4610881278210135070, guid: bf33cd97a5ea4d54a9d113e64ea346e5,
        type: 3}
      propertyPath: m_LocalPosition.y
      value: 4
      objectReference: {fileID: 0}
    - target: {fileID: 4610881278210135070, guid: bf33cd97a5ea4d54a9d113e64ea346e5,
        type: 3}
      propertyPath: m_LocalPosition.z
      value: 0
      objectReference: {fileID: 0}
    - target: {fileID: 4610881278210135070, guid: bf33cd97a5ea4d54a9d113e64ea346e5,
        type: 3}
      propertyPath: m_LocalRotation.x
      value: -0
      objectReference: {fileID: 0}
    - target: {fileID: 4610881278210135070, guid: bf33cd97a5ea4d54a9d113e64ea346e5,
        type: 3}
      propertyPath: m_LocalRotation.y
      value: -0
      objectReference: {fileID: 0}
    - target: {fileID: 4610881278210135070, guid: bf33cd97a5ea4d54a9d113e64ea346e5,
        type: 3}
      propertyPath: m_LocalRotation.z
      value: -0
      objectReference: {fileID: 0}
    - target: {fileID: 4610881278210135070, guid: bf33cd97a5ea4d54a9d113e64ea346e5,
        type: 3}
      propertyPath: m_LocalRotation.w
      value: 1
      objectReference: {fileID: 0}
    - target: {fileID: 4610881278210135070, guid: bf33cd97a5ea4d54a9d113e64ea346e5,
        type: 3}
      propertyPath: m_RootOrder
      value: 2
      objectReference: {fileID: 0}
    - target: {fileID: 4610881278210135070, guid: bf33cd97a5ea4d54a9d113e64ea346e5,
        type: 3}
      propertyPath: m_LocalEulerAnglesHint.x
      value: 0
      objectReference: {fileID: 0}
    - target: {fileID: 4610881278210135070, guid: bf33cd97a5ea4d54a9d113e64ea346e5,
        type: 3}
      propertyPath: m_LocalEulerAnglesHint.y
      value: 0
      objectReference: {fileID: 0}
    - target: {fileID: 4610881278210135070, guid: bf33cd97a5ea4d54a9d113e64ea346e5,
        type: 3}
      propertyPath: m_LocalEulerAnglesHint.z
      value: 0
      objectReference: {fileID: 0}
    - target: {fileID: 6501954695666159318, guid: bf33cd97a5ea4d54a9d113e64ea346e5,
        type: 3}
      propertyPath: reachable
      value: 0
      objectReference: {fileID: 0}
    - target: {fileID: 6501954695666159318, guid: bf33cd97a5ea4d54a9d113e64ea346e5,
        type: 3}
      propertyPath: alwaysRegular
      value: 1
      objectReference: {fileID: 0}
    m_RemovedComponents: []
  m_SourcePrefab: {fileID: 100100000, guid: bf33cd97a5ea4d54a9d113e64ea346e5, type: 3}
--- !u!4 &3217160835771239704 stripped
Transform:
  m_CorrespondingSourceObject: {fileID: 4610881278210135070, guid: bf33cd97a5ea4d54a9d113e64ea346e5,
    type: 3}
  m_PrefabInstance: {fileID: 1394007759653394694}
  m_PrefabAsset: {fileID: 0}
--- !u!1001 &2129503626951765832
PrefabInstance:
  m_ObjectHideFlags: 0
  serializedVersion: 2
  m_Modification:
    m_TransformParent: {fileID: 4795564939938747416}
    m_Modifications:
    - target: {fileID: 3345791331310210541, guid: ade07b99e5bffac48ad00d520f67c0fd,
        type: 3}
      propertyPath: m_Name
      value: KeySpawn
      objectReference: {fileID: 0}
    - target: {fileID: 5057191478908044712, guid: ade07b99e5bffac48ad00d520f67c0fd,
        type: 3}
      propertyPath: m_LocalPosition.x
      value: -1.05
      objectReference: {fileID: 0}
    - target: {fileID: 5057191478908044712, guid: ade07b99e5bffac48ad00d520f67c0fd,
        type: 3}
      propertyPath: m_LocalPosition.y
      value: 0.14
      objectReference: {fileID: 0}
    - target: {fileID: 5057191478908044712, guid: ade07b99e5bffac48ad00d520f67c0fd,
        type: 3}
      propertyPath: m_LocalPosition.z
      value: 0
      objectReference: {fileID: 0}
    - target: {fileID: 5057191478908044712, guid: ade07b99e5bffac48ad00d520f67c0fd,
        type: 3}
      propertyPath: m_LocalRotation.x
      value: 0
      objectReference: {fileID: 0}
    - target: {fileID: 5057191478908044712, guid: ade07b99e5bffac48ad00d520f67c0fd,
        type: 3}
      propertyPath: m_LocalRotation.y
      value: 0
      objectReference: {fileID: 0}
    - target: {fileID: 5057191478908044712, guid: ade07b99e5bffac48ad00d520f67c0fd,
        type: 3}
      propertyPath: m_LocalRotation.z
      value: 0
      objectReference: {fileID: 0}
    - target: {fileID: 5057191478908044712, guid: ade07b99e5bffac48ad00d520f67c0fd,
        type: 3}
      propertyPath: m_LocalRotation.w
      value: 1
      objectReference: {fileID: 0}
    - target: {fileID: 5057191478908044712, guid: ade07b99e5bffac48ad00d520f67c0fd,
        type: 3}
      propertyPath: m_RootOrder
      value: 1
      objectReference: {fileID: 0}
    - target: {fileID: 5057191478908044712, guid: ade07b99e5bffac48ad00d520f67c0fd,
        type: 3}
      propertyPath: m_LocalEulerAnglesHint.x
      value: 0
      objectReference: {fileID: 0}
    - target: {fileID: 5057191478908044712, guid: ade07b99e5bffac48ad00d520f67c0fd,
        type: 3}
      propertyPath: m_LocalEulerAnglesHint.y
      value: 0
      objectReference: {fileID: 0}
    - target: {fileID: 5057191478908044712, guid: ade07b99e5bffac48ad00d520f67c0fd,
        type: 3}
      propertyPath: m_LocalEulerAnglesHint.z
      value: 0
      objectReference: {fileID: 0}
    m_RemovedComponents: []
  m_SourcePrefab: {fileID: 100100000, guid: ade07b99e5bffac48ad00d520f67c0fd, type: 3}
--- !u!1001 &7230108014844292807
PrefabInstance:
  m_ObjectHideFlags: 0
  serializedVersion: 2
  m_Modification:
    m_TransformParent: {fileID: 8589277050315815557}
    m_Modifications:
    - target: {fileID: 2625717081278709991, guid: 8abdde931c053eb4090664baa3fdfc7c,
        type: 3}
      propertyPath: m_Name
      value: WeakWallSpawnPoint
      objectReference: {fileID: 0}
    - target: {fileID: 2625717081278710009, guid: 8abdde931c053eb4090664baa3fdfc7c,
        type: 3}
      propertyPath: m_LocalPosition.x
      value: 4.76
      objectReference: {fileID: 0}
    - target: {fileID: 2625717081278710009, guid: 8abdde931c053eb4090664baa3fdfc7c,
        type: 3}
      propertyPath: m_LocalPosition.y
      value: 1.99
      objectReference: {fileID: 0}
    - target: {fileID: 2625717081278710009, guid: 8abdde931c053eb4090664baa3fdfc7c,
        type: 3}
      propertyPath: m_LocalPosition.z
      value: 0
      objectReference: {fileID: 0}
    - target: {fileID: 2625717081278710009, guid: 8abdde931c053eb4090664baa3fdfc7c,
        type: 3}
      propertyPath: m_LocalRotation.x
      value: 0
      objectReference: {fileID: 0}
    - target: {fileID: 2625717081278710009, guid: 8abdde931c053eb4090664baa3fdfc7c,
        type: 3}
      propertyPath: m_LocalRotation.y
      value: 0
      objectReference: {fileID: 0}
    - target: {fileID: 2625717081278710009, guid: 8abdde931c053eb4090664baa3fdfc7c,
        type: 3}
      propertyPath: m_LocalRotation.z
      value: 0
      objectReference: {fileID: 0}
    - target: {fileID: 2625717081278710009, guid: 8abdde931c053eb4090664baa3fdfc7c,
        type: 3}
      propertyPath: m_LocalRotation.w
      value: 1
      objectReference: {fileID: 0}
    - target: {fileID: 2625717081278710009, guid: 8abdde931c053eb4090664baa3fdfc7c,
        type: 3}
      propertyPath: m_RootOrder
      value: 3
      objectReference: {fileID: 0}
    - target: {fileID: 2625717081278710009, guid: 8abdde931c053eb4090664baa3fdfc7c,
        type: 3}
      propertyPath: m_LocalEulerAnglesHint.x
      value: 0
      objectReference: {fileID: 0}
    - target: {fileID: 2625717081278710009, guid: 8abdde931c053eb4090664baa3fdfc7c,
        type: 3}
      propertyPath: m_LocalEulerAnglesHint.y
      value: 0
      objectReference: {fileID: 0}
    - target: {fileID: 2625717081278710009, guid: 8abdde931c053eb4090664baa3fdfc7c,
        type: 3}
      propertyPath: m_LocalEulerAnglesHint.z
      value: 0
      objectReference: {fileID: 0}
    m_RemovedComponents: []
  m_SourcePrefab: {fileID: 100100000, guid: 8abdde931c053eb4090664baa3fdfc7c, type: 3}
--- !u!4 &4622640628301606462 stripped
Transform:
  m_CorrespondingSourceObject: {fileID: 2625717081278710009, guid: 8abdde931c053eb4090664baa3fdfc7c,
    type: 3}
  m_PrefabInstance: {fileID: 7230108014844292807}
  m_PrefabAsset: {fileID: 0}
